 Dungeon Crawl Stone Soup version 0.18-a0-1027-g814d7dd (webtiles) character file.

1015 tof the Shield-Bearer (level 8, -4/62 HPs)
             Began as a Formicid Fighter on Jan 8, 2016.
             Splashed by a jelly's acid (8 damage)
             ... on level 5 of the Dungeon.
             The game lasted 00:13:02 (4724 turns).

tof the Shield-Bearer (Formicid Fighter)            Turns: 4724, Time: 00:13:03

Health: -4/62      AC: -8    Str: 21    XL:     8   Next: 45%
Magic:  8/8        EV:  8    Int:  8    God:
Gold:   79         SH: 10    Dex: 12    Spells: 0 memorised, 7 levels left

rFire  . . .     SeeInvis +     k - +1 flail (venom)
rCold  . . .     Gourm    .     l - +0 chain mail
rNeg   . . .     Faith    .     c - +0 shield
rPois  .         Spirit   .     (helmet unavailable)
rElec  .         Dismiss  .     (no cloak)
rCorr  .         Reflect  .     (no gloves)
SustAt .         Harm     .     e - +0 pair of boots
MR     .....                    (no amulet)
Stlth  ..........               (no ring)
                                (no ring)

@: corroded equipment, not resistant to hostile enchantments, extremely
unstealthy
A: permanent stasis, dig shafts and tunnels, four strong arms, antennae 3
a: Dig, Shaft Self


You were on level 5 of the Dungeon.
You were not hungry.

You visited 1 branch of the dungeon, and saw 5 of its levels.

You collected 79 gold pieces.

Inventory:

Hand Weapons
 a - a +1 flail
 k - a +1 flail of venom (weapon)
Armour
 b - a +0 scale mail
 c - a +0 shield (worn)
 e - a +0 pair of boots (worn)
 l - a +0 chain mail (worn)
Wands
 o - a wand of paralysis (13/24)
 w - a wand of random effects (48/48)
Scrolls
 i - 2 scrolls of identify
 j - a scroll of remove curse
 n - a scroll of teleportation
 C - a scroll of recharging
Potions
 d - a potion of might
 g - a potion of agility {unknown}
 r - 2 potions of haste {unknown}
 u - 2 potions of brilliance {unknown}
 v - 2 potions of curing
 z - a potion of lignification {unknown}
 A - a potion of flight {unknown}
 B - a potion of degeneration {unknown}
 D - a potion of poison {unknown}
Miscellaneous
 y - a plain deck of changes {drawn: 1}
Comestibles
 f - 4 bread rations
 h - 5 fruits
 m - 2 slices of pizza
 p - 3 chunks of flesh
 q - 2 beef jerkies
 x - 2 meat rations


   Skills:
 + Level 5.3 Fighting
 + Level 4.0 Maces & Flails
 + Level 5.5 Armour
 + Level 3.7 Dodging
 + Level 1.0 Stealth
 + Level 6.5 Shields


You had 7 spell levels left.
You didn't know any spells.

Dungeon Overview and Level Annotations

Branches:
Dungeon (5/15)
 Temple: D:4-7

Altars:
Nemelex Xobeh
Pakellas
Trog


Innate Abilities, Weirdness & Mutations

You are under a permanent stasis effect.
You can dig through walls and to a lower floor.
Your four strong arms can wield two-handed weapons with a shield.
You have a pair of large antennae on your head (SInv).


Message History

The jelly is almost dead.
The hound zombie splashes around in the water.
The jelly closely misses you.
The hound zombie bites the plant.
The jelly barely misses you.
You hit the jelly but do no damage.
The jelly is poisoned.
Your hands burn!
* * * LOW HITPOINT WARNING * * *
The jelly is almost dead.
The hound zombie splashes around in the water.
The jelly hits you.
* * * LOW HITPOINT WARNING * * *
You are splashed with acid!
The acid burns!
* * * LOW HITPOINT WARNING * * *
The hound zombie splashes around in the water.
You hit the jelly but do no damage.
Your hands burn!
* * * LOW HITPOINT WARNING * * *
The jelly is almost dead.
The jelly hits you.
* * * LOW HITPOINT WARNING * * *
You are splashed with acid!
The acid corrodes you!
The acid burns!
You die...

#........♣*≈≈≈≈≈≈≈≈≈≈≈***
###........♣≈≈≈≈≈≈≈≈≈≈≈≈*≈*
#..........♣♣≈P≈≈≈≈≈≈≈≈*≈≈*
#.##.......≈♣≈≈≈≈≈≈≈≈≈≈≈*≈*
#.########.≈♣≈≈≈≈≈≈≈≈≈≈≈≈**
#....# #.≈≈≈J≈≈≈≈≈≈≈≈≈≈**
#####.# #..♣♣≈P≈≈≈≈≈≈≈≈*≈**
#.....# ##J≈P≈P≈≈≈≈≈≈≈*≈,,,
#.##### #@♣♣♣≈♣≈≈≈≈≈≈*≈,**
#.# #.≈PZ≈P≈P≈≈≈≈**,* #.#
#..♣♣≈≈≈≈≈≈≈≈*≈,* #.####
##.≈≈≈≈≈≈≈≈≈≈≈,,* #....#
*##♣P≈≈≈≈≈≈*,,** ####.#
**≈≈P≈≈*≈,** #.###
*≈≈P≈≈≈≈,,* #...#
**≈≈≈*≈**** ###.# **≈≈≈**


You could see a jelly and a hound zombie.

Vanquished Creatures
  Menkaure (D:3)
  Edmund (D:3)
  A phantom (D:4)
  An ogre (D:4)
  2 scorpions (D:4)
  2 hounds (D:4)
  3 orc wizards
  An orc priest (D:3)
  2 iguanas
  A worker ant (D:5)
  Natasha (D:4)
  7 adders
  5 gnolls (D:3)
  An ooze (D:4)
  9 worms
  A giant gecko (D:3)
  22 orcs
  6 bats
  3 giant cockroaches
  4 goblins
  12 hobgoblins
  3 quokkas
  2 ball pythons
  2 giant newts
  7 kobolds
  6 rats
106 creatures vanquished.

Notes
Turn   | Place    | Note
--------------------------------------------------------------
     0 | D:1      | tof the Formicid Fighter began the quest for the Orb.
     0 | D:1      | Reached XP level 1. HP: 18/18 MP: 1/1
   136 | D:1      | Reached XP level 2. HP: 22/24 MP: 2/2
   640 | D:2      | Reached skill level 4 in Shields
   640 | D:2      | Reached XP level 3. HP: 26/29 MP: 3/3
   680 | D:2      | Found a sparkling altar of Nemelex Xobeh.
   962 | D:2      | Reached XP level 4. HP: 17/37 MP: 4/4
  1167 | D:2      | Reached skill level 1 in Dodging
  1315 | D:3      | Found a sparkling altar of Nemelex Xobeh.
  1348 | D:3      | Reached XP level 5. HP: 28/42 MP: 5/5
  2022 | D:3      | Reached XP level 6. HP: 43/48 MP: 6/6
  2031 | D:3      | Reached skill level 5 in Shields
  2254 | D:3      | Found a bloodstained altar of Trog.
  2254 | D:3      | Noticed a moth of wrath
  3076 | D:4      | Noticed Menkaure
  3087 | D:3      | Killed Menkaure
  3087 | D:3      | Reached XP level 7. HP: 42/55 MP: 7/7
  3210 | D:4      | Noticed Edmund
  3541 | D:3      | HP: 1/55 [poisoned by Edmund]
  3550 | D:3      | Killed Edmund
  3550 | D:3      | Reached skill level 5 in Fighting
  3559 | D:3      | HP: 2/56 [poisoned by Edmund]
  3567 | D:3      | HP: 2/56 [poisoned by Edmund]
  3964 | D:4      | Reached skill level 5 in Armour
  4043 | D:4      | Found an oddly glowing altar of Pakellas.
  4378 | D:4      | Reached skill level 6 in Shields
  4378 | D:4      | Reached XP level 8. HP: 57/62 MP: 8/8
  4467 | D:4      | Noticed Natasha
  4481 | D:4      | Killed Natasha
  4646 | D:5      | Entered Level 5 of the Dungeon
  4667 | D:5      | Reached skill level 1 in Stealth
  4724 | D:5      | Splashed by a jelly's acid

Vault maps used:
D:1:      shiori_arrival_elements, lemuel_another_geyser
D:2:      nemelex_diamond_rough_becter
D:3:      nemelex_deck, tgw_trog
D:4:      grunt_pakellas_basics, first_bread, uniq_natasha, uniq_edmund,
          uniq_menkaure
D:5:      gup_sewer_entry_pipe, serial_bayou_lake_a, uniq_duvessa

Action                   |  1- 3 |  4- 6 |  7- 9 || total
-------------------------+-------+-------+-------++-------
Melee: Flail             |   113 |   265 |   185 ||   563
 Abil: Dig               |       |     1 |       ||     1
Evoke: Deck              |       |       |     1 ||     1
  Use: Scroll            |       |       |     9 ||     9
       Potion            |       |       |     1 ||     1
  Eat: Chunk             |       |     8 |     4 ||    12
       Pizza             |       |       |     1 ||     1
